 Dungeon Crawl Stone Soup version 0.30-a0-141-g30f27751c5 (webtiles) character file.

Game seed: 6487178319773100410

34 qw the Chopper (level 3, 0/23 HPs)
             Began as a Gargoyle Fighter on Sept 25, 2022.
             Slain by Sigmund
             ... wielding a +0 scythe
              (1 damage)
             ... on level 2 of the Dungeon.
             The game lasted 00:00:23 (920 turns).

qw the Chopper (Gargoyle Fighter)                    Turns: 920, Time: 00:00:24

Health: 0/23       AC: 10    Str: 21    XL:     3   Next: 31%
Magic:  3/3        EV:  9    Int:  8    God:
Gold:   41         SH:  4    Dex:  9    Spells: 2/2 levels left

rFire   . . .      SeeInvis .    Y - +0 war axe
rCold   . . .      Faith    .    c - +0 buckler
rNeg    + . .      Spirit   .    b - +0 scale mail
rPois   inf        Reflect  .    (no helmet)
rElec   +          Harm     .    (no cloak)
rCorr   .          Rampage  .    (no gloves)
Will    .....                    (no boots)
Stlth   ..........               k - amulet of the acrobat
HPRegen 0.07/turn                (no ring)
MPRegen 0.08/turn                (no ring)

@: no status effects
A: sickness immunity, AC +3, negative energy resistance 1, electricity
resistance, torment resistance 1, petrification resistance
a: no special abilities


You were on level 2 of the Dungeon.
You visited 1 branch of the dungeon, and saw 2 of its levels.

You collected 55 gold pieces.
You spent 14 gold pieces at shops.


Innate Abilities, Weirdness & Mutations

You are immune to sickness and miasma.
Your stone body is resilient. (AC +3)
You are immune to poison.
You resist negative energy. (rN+)
You are resistant to electric shocks. (rElec)
You are resistant to unholy torment.
You are immune to petrification.


   Skills:
 - Level 3.2 Fighting
 + Level 3.3 Axes
 - Level 3.2 Armour
 - Level 3.2 Shields


You had 2 spell levels left.
You didn't know any spells.
Your spell library was empty.

Inventory:

Hand Weapons
 l - a +0 club
 Y - a +0 war axe (weapon)
Missiles
 o - 5 boomerangs (quivered)
Armour
 b - a +0 scale mail (worn)
 c - a +0 buckler (worn)
Jewellery
 k - an amulet of the acrobat (around neck)
Scrolls
 a - a scroll of identify
 m - a scroll of teleportation
Potions
 d - a potion of might
 e - a potion of lignification {unknown}
 i - a potion of haste {unknown}
 j - 3 potions of curing
 n - a potion of heal wounds {unknown}

Dungeon Overview and Level Annotations

Branches:
Dungeon (2/15)

Altars:

Shops:
D:1 *(!*(

Annotations:
D:2 Sigmund


Message History

The adder hisses angrily.
You hear a shout!
Sigmund the Dreaded comes into view.
He is wielding a +0 scythe and wearing a +0 robe of willpower.
Enter note:
904 ||| Stepping ~*~*~tactically~*~*~ (hiding).
905 ||| Stepping ~*~*~tactically~*~*~ (hiding).
906 ||| Stepping ~*~*~tactically~*~*~ (hiding).
907 ||| Stepping ~*~*~tactically~*~*~ (hiding).
908 ||| Stepping ~*~*~tactically~*~*~ (hiding).
You start waiting.
An adder is nearby!
You miss the adder. The adder bites you but does no damage.
You barely miss the adder. The adder bites you.
The adder bites you but does no damage.
You barely miss the adder. The adder bites you but does no damage.
Sigmund barely misses you. The adder barely misses you.
You barely miss the adder. The adder bites you but does no damage.
Sigmund casts a spell.
Sigmund flickers and vanishes!
Deactivating autopickup; reactivate with Ctrl-A.
The adder bites you.
You closely miss the adder. You block the adder's attack. Something hits you.
You slash the adder!
You kill the adder!
Something hits you but does no damage.
You swing at nothing.
You hear some strange, mumbled words.
Something tries to affect you, but you resist.
You swing at nothing.
Something hits you but does no damage.
You swing at nothing.
Something hits you!
You swing at nothing.
Something hits you!
You swing at nothing.
Something hits you.
You die...

#...# ##... #.@.#
##... #...# #..S#
#...#
############.{####.#
#.............%@...#
#.################.#
#.# #.####
#############
#....#####
#............
#...(....###
##.##########
###........## #.#
####......# #.#
####...## #.#


There were no monsters in sight!

Vanquished Creatures
  An adder (D:2)
  2 ball pythons (D:1)
  3 endoplasms (D:1)
  A giant cockroach (D:1)
  3 goblins
  4 hobgoblins
  2 quokkas
  A frilled lizard (D:1)
  2 kobolds (D:1)
  4 rats (D:1)
23 creatures vanquished.

Notes
Turn   | Place    | Note
-------+----------+-------------------------------------------
     0 | D:1      | qw the Gargoyle Fighter began the quest for the Orb.
     0 | D:1      | Reached XP level 1. HP: 14/14 MP: 1/1
     0 | D:1      | 0 ||| qw: Version: 0.2-a-10-g399e6c4
     0 | D:1      | 0 ||| qw: Game counter: 171
     0 | D:1      | 0 ||| qw: Always use a shield: true
     0 | D:1      | 0 ||| qw: God list: Okawaru
     0 | D:1      | 0 ||| qw: Allow faded altars: false
     0 | D:1      | 0 ||| qw: Do Orc after D:15 true
     0 | D:1      | 0 ||| qw: Do second Lair branch before Depths: true
     0 | D:1      | 0 ||| qw: Lair rune preference: random
     0 | D:1      | 0 ||| qw: Plans: Normal, Zot:1-4, God:TSO, Crypt, Tomb,
                  | Pan, Slime:5, Hells, Abyss, Orb
     0 | D:1      | 0 ||| PLANNING D:1-11
     1 | D:1      | Noticed an octopode
     2 | D:1      | Noticed a minotaur
     5 | D:1      | Noticed a felid
     6 | D:1      | Noticed a vampire
     7 | D:1      | Noticed a barachi
     8 | D:1      | Noticed a minotaur
    11 | D:1      | Noticed a minotaur
    13 | D:1      | Noticed a merfolk
    13 | D:1      | Noticed a ghoul
    15 | D:1      | Noticed a vine stalker
    15 | D:1      | Noticed an octopode
    15 | D:1      | Noticed a demigod
    17 | D:1      | Noticed an octopode
    17 | D:1      | Noticed a naga
    17 | D:1      | Noticed a troll
    19 | D:1      | Noticed a dwarf
    21 | D:1      | Noticed a dwarf
   166 | D:1      | Found Cobyd's General Store.
   173 | D:1      | Reached XP level 2. HP: 19/19 MP: 2/2
   180 | D:1      | 180 ||| SHOPLISTING +0 pair of gloves (49 gold, have 31).
   180 | D:1      | 180 ||| SHOPLISTING potion of curing (33 gold, have 31).
   180 | D:1      | 180 ||| SHOPLISTING potion of might (44 gold, have 31).
   180 | D:1      | 180 ||| SHOPLISTING scroll of teleportation (33 gold, have
                  | 31).
   360 | D:1      | Found Woraudew's Weapon Boutique.
   368 | D:1      | 368 ||| BUYING +0 club (14 gold).
   368 | D:1      | Bought a +0 club for 14 gold pieces
   368 | D:1      | 368 ||| SHOPLISTING +0 mace (42 gold, have 25).
   385 | D:1      | Found Ram Sogh's General Store.
   407 | D:1      | 407 ||| SHOPLISTING +2 ring mail of cold resistance (252
                  | gold, have 25).
   407 | D:1      | 407 ||| SHOPLISTING +8 mithril axe "Arga" {speed, Will+}
                  | (775 gold, have 25).
   407 | D:1      | 407 ||| SHOPLISTING potion of mutation (96 gold, have 25).
   440 | D:1      | Found Giruicvi's Distillery.
   446 | D:1      | 446 ||| SHOPLISTING potion of heal wounds (70 gold, have
                  | 25).
   446 | D:1      | 446 ||| SHOPLISTING potion of lignification (42 gold, have
                  | 25).
   446 | D:1      | 446 ||| SHOPLISTING potion of might (56 gold, have 25).
   515 | D:1      | 515 ||| Stepping ~*~*~tactically~*~*~ (stealth).
   516 | D:1      | 516 ||| Stepping ~*~*~tactically~*~*~ (stealth).
   535 | D:1      | 535 ||| Stepping ~*~*~tactically~*~*~ (stealth).
   578 | D:1      | 578 ||| Stepping ~*~*~tactically~*~*~ (stealth).
   583 | D:1      | 583 ||| Stepping ~*~*~tactically~*~*~ (stealth).
   584 | D:1      | 584 ||| Stepping ~*~*~tactically~*~*~ (stealth).
   585 | D:1      | 585 ||| Stepping ~*~*~tactically~*~*~ (stealth).
   666 | D:1      | Found Eta Osoq's Weapon Emporium.
   674 | D:1      | 674 ||| SHOPLISTING +1 flail of venom (134 gold, have 29).
   674 | D:1      | 674 ||| DROPPING orb of guile.
   675 | D:1      | 675 ||| UPGRADING to amulet of the acrobat.
   680 | D:1      | 680 ||| READING 2 scrolls labelled RYUNA LILOUHYU.
   681 | D:1      | 681 ||| READING scroll labelled COERPH ZIESYTH.
   682 | D:1      | 682 ||| READING 2 scrolls labelled ULYZXY QAOKUMA.
   686 | D:1      | 686 ||| DRINKING 2 green potions.
   738 | D:2      | 738 ||| Stepping ~*~*~tactically~*~*~ (stealth).
   742 | D:2      | Reached skill level 3 in Axes
   749 | D:2      | Reached XP level 3. HP: 23/23 MP: 3/3
   903 | D:2      | Noticed Sigmund
   904 | D:2      | 904 ||| Stepping ~*~*~tactically~*~*~ (hiding).
   905 | D:2      | 905 ||| Stepping ~*~*~tactically~*~*~ (hiding).
   906 | D:2      | 906 ||| Stepping ~*~*~tactically~*~*~ (hiding).
   907 | D:2      | 907 ||| Stepping ~*~*~tactically~*~*~ (hiding).
   908 | D:2      | 908 ||| Stepping ~*~*~tactically~*~*~ (hiding).
   919 | D:2      | HP: 1/23 [something (10)]
   920 | D:2      | Slain by Sigmund

Levels and vault maps discovered:
D:1:      shiori_arrival_whats_in_store_for_you, layout_rooms, serial_shops,
          nicolae_shop_bloodbath_and_beyond, nicolae_shop_crystal, shop,
          nicolae_lakefront_shop, shop_fountains, minmay_three_crescents
D:2:      layout_basic, serial_shops, shop_fountains, serial_curves,
          eino_curves_01, eino_curves_04, hangedman_decor_clover_reticule,
          uniq_natasha, uniq_jessica, uniq_sigmund, uniq_robin

Skill      XL: |  1  2 |
---------------+-------+-----
Axes           | 2 3 |  3.3
Fighting       | |  3.2
Armour         | |  3.2
Shields        | |  3.2

Action                   || total
-------------------------++-------
Melee: War axe           ||    53
Throw: Boomerang         ||    11
  Use: Scroll            ||     3
       Potion            ||     1
Armor: Scale mail        ||    23
Dodge: Dodged            ||    17
Block: Buckler           ||     5

Table legend:
 A = Non-vault XP
 B = Vault XP
 C = Vault XP percentage of total XP
 D = Non-vault monster count
 E = Vault monster count
 F = Vault count percentage of total count
                 A         B        C        D         E       F
            +---------+---------+-------+---------+---------+-------
      Total |      40 |       9 |  18.4 |      17 |       6 |  26.1
            +---------+---------+-------+---------+---------+-------
        D:1 |      19 |       9 |  32.1 |      12 |       6 |  33.3
        D:2 |      21 |       0 |   0.0 |       5 |       0 |   0.0
            +---------+---------+-------+---------+---------+-------
